3AA
BILLINGS POLAR BEARS @ SQUIRREL HILL PIEROGIS
07/26/2041
 
TOP OF THE 1ST
Billings Polar Bears batting - Pitching for Squirrel Hill Pierogis : RHP Paco Gómez
Pitching: RHP Paco Gómez
Batting: RHB Germán Escobar 0-0: SINGLE (Groundball, 6D, EV 98.1 MPH)
Batting: RHB Luke Crawford 0-0: Called Strike
0-1: Ball
1-1: Ball
2-1: Ball
3-1: Base on Balls
Germán Escobar to second
Batting: LHB Carlos Rosário 0-0: Foul Ball, location: 2F
0-1: Fielders Choice at 2nd, 6-4 (Groundball, 6, EV 82.5 MPH)
Germán Escobar to third
Batting: LHB Armando Ventura 0-0: Fly out, F8 (Flyball, 8LM, EV 92.5 MPH)
Runner from 3rd tags up, SCORES, no throw by CF
Batting: RHB Danny Hensley 0-0: Ball
1-0: Fielders Choice at 2nd, U6 (Groundball, 6M, EV 92.5 MPH)
Top of the 1st over - 1 run, 1 hit, 0 errors, 1 left on base; Billings 1 - Squirrel Hill 0
BOTTOM OF THE 1ST
Squirrel Hill Pierogis batting - Pitching for Billings Polar Bears : RHP Allen Brown
Pitching: RHP Allen Brown
Batting: LHB Luis Escribano 0-0: Ball
1-0: Ball
2-0: Called Strike
2-1: Foul Ball, location: 2F
2-2: Ground out 4-3 (Groundball, 4MS, EV 85.6 MPH)
Batting: SHB Aubrey Magee 0-0: Foul Ball, location: 2F
0-1: Ball
1-1: Foul Ball, location: 2F
1-2: Foul Ball, location: 2F
1-2: Ball
2-2: Ball
3-2: Base on Balls
Batting: LHB Adam Bisset 0-0: Called Strike
0-1: Ball
1-1: Fielders Choice at 2nd, 6-4 (Groundball, 6M, EV 103.8 MPH)
Batting: RHB Jerry Williams 0-0: SINGLE (Groundball, 56D, EV 98.1 MPH)
Adam Bisset to second
Batting: SHB Ron Carlisle 0-0: Called Strike
0-1: Foul Ball, location: 2F
0-2: Ball
1-2: Ball
2-2: Ball
3-2: Ground out 4-3 (Groundball, 34, EV 85.0 MPH)
Bottom of the 1st over - 0 runs, 1 hit, 0 errors, 2 left on base; Billings 1 - Squirrel Hill 0
TOP OF THE 2ND
Billings Polar Bears batting - Pitching for Squirrel Hill Pierogis : RHP Paco Gómez
Batting: RHB Rubén Balderas 0-0: Called Strike
0-1: Ball
1-1: Ball
2-1: Foul Ball, location: 2F
2-2: Ball
3-2: Base on Balls
Batting: SHB Leonardo Rodríguez 0-0: Called Strike
0-1: Fly out, F7 (Flyball, 7D, EV 97.5 MPH)
Batting: RHB Kelly Johnson 0-0: Ball
1-0: Fielders Choice at 2nd, 4-6 (Groundball, 34D, EV 83.1 MPH)
Batting: RHB Edward Johnson 0-0: Ball
1-0: Foul Ball, location: 2F
1-1: Foul Ball, location: 2F
1-2: Ball
2-2: Foul Ball, location: 2F
2-2: Foul Ball, location: 2F
2-2: Strikes out swinging
Top of the 2nd over - 0 runs, 0 hits, 0 errors, 1 left on base; Billings 1 - Squirrel Hill 0
BOTTOM OF THE 2ND
Squirrel Hill Pierogis batting - Pitching for Billings Polar Bears : RHP Allen Brown
Batting: RHB Franck Morel 0-0: Ground out 1-3 (Groundball, 34S, EV 85.6 MPH)
Batting: RHB Koi-sho Xú 0-0: Foul Ball, location: 2F
0-1: Ground out 3-1 (Groundball, 34, EV 91.2 MPH)
Batting: LHB Ramiro Palmeiro 0-0: Fly out, F8 (Flyball, 8RD, EV 80.0 MPH)
Bottom of the 2nd over - 0 runs, 0 hits, 0 errors, 0 left on base; Billings 1 - Squirrel Hill 0
TOP OF THE 3RD
Billings Polar Bears batting - Pitching for Squirrel Hill Pierogis : RHP Paco Gómez
Batting: RHB Germán Escobar 0-0: Ground out 1-3 (Groundball, 13S, EV 71.9 MPH)
Batting: RHB Luke Crawford 0-0: Ground out 6-3 (Groundball, 6, EV 100.6 MPH)
Batting: LHB Carlos Rosário 0-0: Ball
1-0: Ball
2-0: Ball
3-0: Base on Balls
Batting: LHB Armando Ventura 0-0: Called Strike
0-1: Called Strike
0-2: Ball
1-2: Foul Ball, location: 2F
1-2: Strikes out looking
Top of the 3rd over - 0 runs, 0 hits, 0 errors, 1 left on base; Billings 1 - Squirrel Hill 0
BOTTOM OF THE 3RD
Squirrel Hill Pierogis batting - Pitching for Billings Polar Bears : RHP Allen Brown
Batting: SHB Jason Pratt 0-0: Ball
1-0: Foul Ball, location: 2F
1-1: Ground out 1-3 (Groundball, 23, EV 85.0 MPH)
Batting: LHB Luis Escribano 0-0: Ball
1-0: Ball
2-0: Foul Ball, location: 2F
2-1: Ground out 4-3 (Groundball, 4, EV 83.1 MPH)
Batting: SHB Aubrey Magee 0-0: Ball
1-0: Foul Ball, location: 2F
1-1: Called Strike
1-2: Ball
2-2: Foul Ball, location: 2F
2-2: Ball
3-2: Foul Ball, location: 2F
3-2: Foul Ball, location: 2F
3-2: Base on Balls
Batting: LHB Adam Bisset 0-0: Ground out 2-3 (Groundball, 15S, EV 63.1 MPH)
Bottom of the 3rd over - 0 runs, 0 hits, 0 errors, 1 left on base; Billings 1 - Squirrel Hill 0
TOP OF THE 4TH
Billings Polar Bears batting - Pitching for Squirrel Hill Pierogis : RHP Paco Gómez
Batting: RHB Danny Hensley 0-0: Ground out 4-3 (Groundball, 4, EV 96.9 MPH)
Batting: RHB Rubén Balderas 0-0: Ball
1-0: Foul Ball, location: 2F
1-1: DOUBLE (Line Drive, 9LM, EV 108.1 MPH)
Batting: SHB Leonardo Rodríguez 0-0: Ball
1-0: Ground out 4-3 (Groundball, 4, EV 104.4 MPH)
Rubén Balderas to third
Batting: RHB Kelly Johnson 0-0: Ball
1-0: Ball
2-0: Ball
3-0: Base on Balls
Batting: RHB Edward Johnson 0-0: Ball
1-0: Fly out, F9 (Flyball, 89D, EV 106.9 MPH)
Top of the 4th over - 0 runs, 1 hit, 0 errors, 2 left on base; Billings 1 - Squirrel Hill 0
BOTTOM OF THE 4TH
Squirrel Hill Pierogis batting - Pitching for Billings Polar Bears : RHP Allen Brown
Batting: RHB Jerry Williams 0-0: Ground out 1-3 (Groundball, 15S, EV 65.0 MPH)
Batting: SHB Ron Carlisle 0-0: Called Strike
0-1: Foul Ball, location: 2F
0-2: Ground out U3 (Groundball, 34S, EV 66.9 MPH)
Batting: RHB Franck Morel 0-0: Ball
1-0: SINGLE (Groundball, 6D, EV 99.4 MPH)
Batting: RHB Koi-sho Xú 0-0: Swinging Strike
0-1: Ball
1-1: SINGLE (Flyball, 7S, EV 87.5 MPH)
Franck Morel to second
Batting: LHB Ramiro Palmeiro 0-0: Ball
1-0: Foul Ball, location: 2F
1-1: Ball
2-1: Ball
3-1: Swinging Strike
3-2: Base on Balls
Franck Morel to third
Koi-sho Xú to second
Batting: SHB Jason Pratt 0-0: Called Strike
0-1: Ball
1-1: Ball
2-1: Fly out, F8 (Line Drive, 8LD, EV 89.4 MPH)
Bottom of the 4th over - 0 runs, 2 hits, 0 errors, 3 left on base; Billings 1 - Squirrel Hill 0
TOP OF THE 5TH
Billings Polar Bears batting - Pitching for Squirrel Hill Pierogis : RHP Paco Gómez
Batting: RHB Germán Escobar 0-0: Foul Ball, location: 2F
0-1: Ball
1-1: Fly out, F8 (Flyball, 8RM, EV 74.4 MPH)
Batting: RHB Luke Crawford 0-0: Swinging Strike
0-1: Foul Ball, location: 2F
0-2: Strikes out swinging
Batting: LHB Carlos Rosário 0-0: Swinging Strike
0-1: Foul Ball, location: 2F
0-2: Ball
1-2: Ground out 1-3 (Groundball, 15S, EV 64.4 MPH)
Top of the 5th over - 0 runs, 0 hits, 0 errors, 0 left on base; Billings 1 - Squirrel Hill 0
BOTTOM OF THE 5TH
Squirrel Hill Pierogis batting - Pitching for Billings Polar Bears : RHP Allen Brown
Batting: LHB Luis Escribano 0-0: Ball
1-0: Foul Ball, location: 2F
1-1: Ball
2-1: Fly out, F5 (Line Drive, 5, EV 66.2 MPH)
Batting: SHB Aubrey Magee 0-0: Single, Error in OF, E8, batter to second base (Line Drive, 89S, EV 113.1 MPH)
Batting: LHB Adam Bisset 0-0: Called Strike
0-1: Called Strike
0-2: Fly out, F9 (Flyball, 9D, EV 108.1 MPH)
Runner from 2nd tags up, SAFE at 3rd, no throw by RF
Batting: RHB Jerry Williams 0-0: Ball
1-0: Foul Ball, location: 2F
1-1: Ball
2-1: Ground out 1-3 (Groundball, 13, EV 86.9 MPH)
Bottom of the 5th over - 0 runs, 1 hit, 1 error, 1 left on base; Billings 1 - Squirrel Hill 0
TOP OF THE 6TH
Billings Polar Bears batting - Pitching for Squirrel Hill Pierogis : RHP Paco Gómez
Batting: LHB Armando Ventura 0-0: Ball
1-0: Ball
2-0: Ground out 4-3 (Groundball, 4, EV 102.5 MPH)
Batting: RHB Danny Hensley 0-0: Ball
1-0: Ball
2-0: Fly out, F9 (Flyball, 89M, EV 76.2 MPH)
Batting: RHB Rubén Balderas 0-0: Called Strike
0-1: Ball
1-1: Called Strike
1-2: Fly out, F7 (Flyball, 7LS, EV 76.2 MPH)
Top of the 6th over - 0 runs, 0 hits, 0 errors, 0 left on base; Billings 1 - Squirrel Hill 0
BOTTOM OF THE 6TH
Squirrel Hill Pierogis batting - Pitching for Billings Polar Bears : RHP Allen Brown
Batting: SHB Ron Carlisle 0-0: Ball
1-0: Ball
2-0: Called Strike
2-1: Foul Ball, location: 2F
2-2: Ball
3-2: SOLO HOME RUN (Flyball, 9D, EV 91.2 MPH), Distance : 358 ft
Batting: RHB Franck Morel 0-0: Ball
1-0: Ball
2-0: Ball
3-0: Base on Balls
Batting: RHB Koi-sho Xú 0-0: Foul Ball, location: 2F
0-1: Ball
1-1: Foul Ball, location: 2F
1-2: Fly out, F5 (Popup, 56S, EV 78.8 MPH)
Batting: LHB Ramiro Palmeiro 0-0: Ball
1-0: Grounds into double play, 4-6-3 (Groundball, 4, EV 83.1 MPH)
Bottom of the 6th over - 1 run, 1 hit, 0 errors, 0 left on base; Billings 1 - Squirrel Hill 1
TOP OF THE 7TH
Billings Polar Bears batting - Pitching for Squirrel Hill Pierogis : RHP Paco Gómez
Batting: SHB Leonardo Rodríguez 0-0: Called Strike
0-1: Ball
1-1: Swinging Strike
1-2: Foul Ball, location: 2F
1-2: Strikes out looking
Batting: RHB Kelly Johnson 0-0: Ball
1-0: Called Strike
1-1: Foul Ball, location: 2F
1-2: Ground out 6-3 (Groundball, 6, EV 83.8 MPH)
Batting: RHB Edward Johnson 0-0: Ball
1-0: Called Strike
1-1: TRIPLE (Line Drive, 78XD, EV 102.5 MPH)
Batting: RHB Germán Escobar 0-0: Ground out 5-3 (Groundball, 56, EV 81.2 MPH)
Top of the 7th over - 0 runs, 1 hit, 0 errors, 1 left on base; Billings 1 - Squirrel Hill 1
BOTTOM OF THE 7TH
Squirrel Hill Pierogis batting - Pitching for Billings Polar Bears : RHP Allen Brown
Batting: SHB Jason Pratt 0-0: Ball
1-0: Ground out 6-3 (Groundball, 6M, EV 96.9 MPH)
Batting: LHB Luis Escribano 0-0: Called Strike
0-1: Ground out 4-3 (Groundball, 4, EV 85.0 MPH)
Batting: SHB Aubrey Magee 0-0: Ball
1-0: Called Strike
1-1: Foul Ball, location: 2F
1-2: DOUBLE (Flyball, 8RXD, EV 103.1 MPH)
Batting: LHB Adam Bisset 0-0: DOUBLE (Flyball, 89XD, EV 100.0 MPH)
Aubrey Magee scores
Batting: RHB Jerry Williams 0-0: Ball
1-0: Foul Ball, location: 2F
1-1: Foul Ball, location: 2F
1-2: Foul Ball, location: 2F
1-2: Ball
2-2: Foul Ball, location: 2F
2-2: Ball
3-2: Fly out, F6 (Popup, 6S, EV 82.5 MPH)
Bottom of the 7th over - 1 run, 2 hits, 0 errors, 1 left on base; Billings 1 - Squirrel Hill 2
TOP OF THE 8TH
Billings Polar Bears batting - Pitching for Squirrel Hill Pierogis : RHP Paco Gómez
Batting: RHB Luke Crawford 0-0: Called Strike
0-1: Ball
1-1: Ball
2-1: Ball
3-1: SINGLE (Groundball, 56, EV 103.8 MPH) (infield hit)
Batting: LHB Carlos Rosário 0-0: Ball
1-0: Ball
2-0: Ball
3-0: Base on Balls
Luke Crawford to second
Pitching: RHP Mike Davidson
Pinch Hitting: LHB Augusto Reyes 0-0: Called Strike
0-1: Ball
1-1: Foul Ball, location: 2F
1-2: SINGLE (Groundball, 56D, EV 94.4 MPH)
Luke Crawford to third
Carlos Rosário to second
Batting: RHB Danny Hensley 0-0: SINGLE (Groundball, 6, EV 88.1 MPH) (infield hit)
Luke Crawford scores
Carlos Rosário to third
Augusto Reyes to second
Batting: RHB Rubén Balderas 0-0: Called Strike
0-1: Ball
1-1: Ball
2-1: Foul Ball, location: 2F
2-2: Ball
3-2: SINGLE (Groundball, 6, EV 91.9 MPH) (infield hit)
Carlos Rosário scores
Augusto Reyes to third
Danny Hensley to second
Batting: SHB Leonardo Rodríguez 0-0: Swinging Strike
0-1: Ball
1-1: Called Strike
1-2: Ball
2-2: SINGLE (Groundball, 3L, EV 75.6 MPH) (infield hit)
Augusto Reyes scores
Danny Hensley to third
Rubén Balderas to second
Batting: RHB Kelly Johnson 0-0: Called Strike
0-1: Ball
1-1: Ball
2-1: Foul Ball, location: 2F
2-2: Ball
3-2: Foul Ball, location: 2F
3-2: Base on Balls
Danny Hensley scores
Rubén Balderas to third
Leonardo Rodríguez to second
Batting: RHB Edward Johnson 0-0: Ball
1-0: Ball
2-0: Foul Ball, location: 2F
2-1: Foul Ball, location: 2F
2-2: Foul Ball, location: 2F
2-2: Foul Ball, location: 2F
2-2: Fly out, F9 (Flyball, 9, EV 73.8 MPH)
Batting: RHB Germán Escobar 0-0: Ball
1-0: Called Strike
1-1: SINGLE (Groundball, 3, EV 110.0 MPH) (infield hit)
Rubén Balderas scores
Leonardo Rodríguez to third
Kelly Johnson to second
Batting: RHB Luke Crawford 0-0: Called Strike
0-1: Ball
1-1: Foul Ball, location: 2F
1-2: Ball
2-2: Foul Ball, location: 2F
2-2: Fly out, F8 (Line Drive, 8LM, EV 92.5 MPH)
Runner from 3rd tags up, SCORES, no throw by CF
Pitching: LHP Mutu Kirra
Batting: LHB Carlos Rosário 0-0: SINGLE (Line Drive, 8RS, EV 91.9 MPH)
Kelly Johnson to third
Germán Escobar to second
Runner from 3rd tries for Home, SAFE, no throw by CF
Batting: LHB Augusto Reyes 0-0: Ball
1-0: Ground out 4-3 (Groundball, 4, EV 82.5 MPH)
Top of the 8th over - 7 runs, 7 hits, 0 errors, 2 left on base; Billings 8 - Squirrel Hill 2
BOTTOM OF THE 8TH
Squirrel Hill Pierogis batting - Pitching for Billings Polar Bears : RHP Allen Brown
Now in RF: Augusto Reyes
Batting: SHB Ron Carlisle 0-0: Fly out, F8 (Flyball, 8RD, EV 93.1 MPH)
Batting: RHB Franck Morel 0-0: Ball
1-0: Foul Ball, location: 2F
1-1: Ball
2-1: Called Strike
2-2: Ball
3-2: Ground out 5-3 (Groundball, 5, EV 78.1 MPH)
Batting: RHB Koi-sho Xú 0-0: Foul Ball, location: 2F
0-1: Swinging Strike
0-2: Ball
1-2: Ball
2-2: Fly out, F3 (Popup, 23F, EV 85.0 MPH)
Bottom of the 8th over - 0 runs, 0 hits, 0 errors, 0 left on base; Billings 8 - Squirrel Hill 2
TOP OF THE 9TH
Billings Polar Bears batting - Pitching for Squirrel Hill Pierogis : LHP Mutu Kirra
Batting: RHB Danny Hensley 0-0: Ball
1-0: Foul Ball, location: 2F
1-1: Ball
2-1: Foul Ball, location: 2F
2-2: Foul Ball, location: 2F
2-2: Ball
3-2: Base on Balls
Batting: RHB Rubén Balderas 0-0: Ball
Pickoff Throw by Catcher to First - Error! E2
Danny Hensley to second
1-0: Ball
2-0: Ball
3-0: Called Strike
3-1: Fly out, F9 (Flyball, 89M, EV 96.9 MPH)
Batting: SHB Leonardo Rodríguez 0-0: Foul Ball, location: 2F
0-1: Ball
1-1: Ball
2-1: Foul Ball, location: 2F
2-2: DOUBLE (Groundball, 5L, EV 104.4 MPH)
Danny Hensley scores
Batting: RHB Kelly Johnson 0-0: Ball
1-0: Called Strike
1-1: Called Strike
1-2: Strikes out swinging
Pinch Hitting: LHB Alvin Montgomery 0-0: Ball
1-0: Called Strike
1-1: Foul Ball, location: 2F
1-2: Strikes out looking
Top of the 9th over - 1 run, 1 hit, 1 error, 1 left on base; Billings 9 - Squirrel Hill 2
BOTTOM OF THE 9TH
Squirrel Hill Pierogis batting - Pitching for Billings Polar Bears : RHP Allen Brown
Pitching: RHP Ryan Robertson
Now in LF: Alvin Montgomery
Batting: LHB Ramiro Palmeiro 0-0: Ball
1-0: Called Strike
1-1: Ball
2-1: Fly out, F2 (Popup, 23F, EV 89.4 MPH)
Batting: SHB Jason Pratt 0-0: Called Strike
0-1: Reached on error, E5 (Groundball, 5, EV 104.4 MPH)
Batting: LHB Luis Escribano 0-0: Ball
1-0: Foul Ball, location: 2F
1-1: Ball
2-1: Foul Ball, location: 2F
2-2: Ball
3-2: Fielders Choice at 2nd, 1-6 (Groundball, 23, EV 79.4 MPH)
Batting: SHB Aubrey Magee 0-0: Called Strike
0-1: Called Strike
0-2: Strikes out looking
Bottom of the 9th over - 0 runs, 0 hits, 1 error, 1 left on base; Billings 9 - Squirrel Hill 2
Tuesday, January 5th, 2021 - OOTP Baseball 20.8 Build 74